 Dungeon Crawl Stone Soup version 0.26-a0-812-g31a745ddcd (webtiles) character file.

Game seed: 18007650175022935795

1967 Morbidden the Digger (level 9, -6/83 HPs)
             Began as a Troll Earth Elementalist on Nov 13, 2020.
             Was an Initiate of Cheibriados.
             Mangled by an orc warrior
             ... wielding a +0 halberd
              (12 damage)
             ... in a bailey.
             The game lasted 00:13:26 (6513 turns).

Morbidden the Digger (Troll Earth Elementalist)     Turns: 6513, Time: 00:13:27

Health: -6/83      AC: 12    Str: 18 (19) XL:     9   Next: 0%
Magic:  13/13      EV: 10    Int: 13 (15) God:    Cheibriados [......]
Gold:   222        SH:  0    Dex:  8 (11) Spells: 14/15 levels left

rFire    . . .     SeeInvis .     - Unarmed
rCold    . . .     Faith    .   (no shield)
rNeg     . . .     Spirit   .   c - +0 robe
rPois    .         Reflect  .   (helmet restricted)
rElec    .         Harm     .   v - +1 cloak
rCorr    .         Rampage  .   (gloves unavailable)
MR       .....                  (boots unavailable)
Stlth    ++........             (no amulet)
HPRegen  0.63/turn              D - +4 ring of protection
MPRegen  0.13/turn              (no ring)

@: very slightly contaminated, invisible, very slow
A: large, unfitting armour, claws 3, regeneration 1, shaggy fur 1, tough skin 3
a: Bend Time, Renounce Religion


You were in a bailey.
You worshipped Cheibriados.
Cheibriados was noncommittal.
You visited 2 branches of the dungeon, and saw 8 of its levels.
You also visited: Bailey.

You collected 509 gold pieces.
You spent 287 gold pieces at shops.

Inventory:

Missiles
 b - 270 stones (quivered)
 h - 17 poisoned darts
 y - 2 throwing nets
Armour
 c - a +0 robe (worn)
 v - a +1 cloak (worn)
Jewellery
 D - a +4 ring of protection (left claw)
Wands
 x - a wand of iceblast (6)
Scrolls
 f - 2 scrolls of magic mapping
 g - 3 scrolls of amnesia
 i - 2 scrolls of noise
 j - 3 scrolls of remove curse
 k - a scroll of enchant weapon
 m - a scroll of fear
 o - 3 scrolls of blinking
 q - a scroll of teleportation
 t - a scroll of fog
 A - a scroll of enchant armour
Potions
 e - 2 potions of resistance
 l - 4 potions of flight
 n - 3 potions of attraction
 r - a potion of invisibility
 s - 6 potions of curing
 u - a potion of degeneration
 w - a potion of heal wounds {unknown}
 z - 2 potions of lignification {unknown}
 B - 2 potions of mutation {unknown}
 C - a potion of cancellation {unknown}
 E - a potion of brilliance


   Skills:
 * Level 3.4 Fighting
 + Level 3.2 Dodging
 + Level 1.7 Stealth
 + Level 5.0 Unarmed Combat
 * Level 3.9 Spellcasting
   Level 0.6 Transmutations
 * Level 6.1 Earth Magic


You had 14 spell levels left.
You knew the following spells:

 Your Spells              Type           Power        Failure   Level
a - Sandblast             Erth           ###...       1%          1

Your spell library contained the following spells:

 Spells                   Type           Power        Failure   Level
 Passwall                 Tmut/Erth      ##......     8%          2
 Stone Arrow              Conj/Erth      ##....       19%         3
 Lee's Rapid Deconstruct  Erth           ###.......   43%         5
 Petrify                  Tmut/Erth      ##......     45%         4


Dungeon Overview and Level Annotations

Branches:
Dungeon (7/15)             Temple (1/1) D:7          Bailey (1/1)

Altars:
Cheibriados
Dithmenos
Nemelex Xobeh
Vehumet
The Shining One

Shops:
D:6 *   D:7 =

Portals:
Abyss: D:5

Annotations:
D:5 2 transporters, Howlingfantods's ghost, weakling MiDe
D:6 exclusion: door


Innate Abilities, Weirdness & Mutations

You are too large for most types of armour.
You have claws for hands.
Your natural rate of healing is unusually fast.
You are covered in fur. (AC +1)
You have extremely tough skin. (AC +3)


Message History

You catch the helpless orc warrior completely off-guard!
You scratch the orc warrior.
The orc warrior is almost dead.
The orc shouts!
The orc warrior barely misses you.
The orc warrior hits you with a +0 halberd!
* * * LOW HITPOINT WARNING * * *
The orc warrior barely misses you.
You see here a +0 trident.
The orc warrior hits you but does no damage.
The orc warrior hits you from afar with a +0 glaive!!
* * * LOW HITPOINT WARNING * * *
The orc warrior barely misses you.
The orc warrior hits you but does no damage.
There is a gate leading back out of this place here.
It was a potion of degeneration.
There was something very wrong with that liquid.
You feel weakened.
You feel dopey.
You feel clumsy.
The orc warrior hits you with a +0 halberd!
You die...

############
##....oooo@.##
######...o.o...o..#
.#....#.).).o).....#
.'o.).'.)))...))..!#
o#....#..))........#
######...)........#
##........∩.##
############


You could see 4 orc warriors and 4 orcs.

Vanquished Creatures
  Menkaure (D:4)
  2 ice beasts (D:6)
  A sky beast (D:6)
  An orc warrior (D:3)
  A phantom (D:5)
  3 ogres
  4 scorpions
  A howler monkey (D:4)
  2 centaur skeletons
  A gnoll shaman (D:4)
  A jelly (D:7)
  2 orc priests
  6 orc wizards
  An iguana (D:4)
  Terence (D:3)
  6 worker ants
  Robin (D:3)
  10 gnolls
  10 adders
  A white imp (D:7)
  An adder skeleton (D:4)
  4 worms
  2 leopard geckos
  26 orcs
  2 ball pythons
  4 bats
  3 giant cockroaches
  21 goblins
  8 hobgoblins
  14 jackals
  8 kobolds
  4 quokkas
  10 frilled lizards
  A giant cockroach zombie (D:6)
  A quokka skeleton (D:4)
  7 rats
172 creatures vanquished.

Notes
Turn   | Place    | Note
-------+----------+-------------------------------------------
     0 | D:1      | Morbidden the Troll Earth Elementalist began the quest for
                  | the Orb.
     0 | D:1      | Reached XP level 1. HP: 16/16 MP: 1/1
    44 | D:1      | Reached skill level 3 in Earth Magic
    44 | D:1      | Reached XP level 2. HP: 14/24 MP: 0/3
   578 | D:1      | Reached XP level 3. HP: 32/32 MP: 4/4
  1232 | D:2      | Reached skill level 1 in Unarmed Combat
  1586 | D:3      | Noticed Terence
  1601 | D:3      | Killed Terence
  1601 | D:3      | Reached XP level 4. HP: 40/40 MP: 1/5
  1806 | D:3      | Reached skill level 1 in Fighting
  2165 | D:3      | Reached XP level 5. HP: 48/48 MP: 6/6
  2261 | D:3      | Noticed Robin
  2301 | D:3      | Killed Robin
  2792 | D:3      | Reached skill level 4 in Earth Magic
  2964 | D:4      | Reached XP level 6. HP: 52/55 MP: 4/8
  3180 | D:4      | Reached XP level 7. HP: 23/63 MP: 3/9
  3361 | D:5      | Entered Level 5 of the Dungeon
  3434 | D:5      | Found a transporter.
  3435 | D:5      | Found a one-way gate to the infinite horrors of the Abyss.
  3435 | D:5      | Noticed Howlingfantods's ghost (weakling MiDe)
  3446 | D:5      | Noticed a small abomination
  3577 | D:5      | Reached skill level 5 in Earth Magic
  3752 | D:5      | Found a sparkling altar of Nemelex Xobeh.
  3891 | D:4      | Noticed Menkaure
  3898 | D:4      | Killed Menkaure
  3898 | D:4      | Reached XP level 8. HP: 39/74 MP: 11/11
  4952 | D:5      | Found a transporter.
  5373 | D:6      | Found Ozagguc's Assorted Antiques.
  5485 | D:6      | Bought an orange potion for 23 gold pieces
  5485 | D:6      | Bought a fuming grey potion for 23 gold pieces
  5485 | D:6      | Bought a golden potion for 23 gold pieces
  5485 | D:6      | Bought a golden potion for 23 gold pieces
  5485 | D:6      | Bought a scroll of blinking for 195 gold pieces
  5547 | D:6      | Reached skill level 6 in Earth Magic
  5936 | D:6      | Noticed a four-headed hydra
  6012 | D:6      | Found a glowing golden altar of the Shining One.
  6347 | D:7      | Found a staircase to the Ecumenical Temple.
  6353 | D:7      | Reached skill level 5 in Unarmed Combat
  6358 | Temple   | Entered the Ecumenical Temple
  6365 | Temple   | Became a worshipper of Cheibriados the Contemplative
  6410 | D:7      | Found a flagged portal.
  6413 | D:7      | Found Abriehua's Jewellery Shop.
  6425 | D:7      | Got a polished halberd
  6428 | Bailey   | Entered a bailey
  6431 | Bailey   | Identified the cursed +1 halberd of the Forsaken Villages
                  | {flame, *Drain +Inv SInv} (You found it on level 7 of the
                  | Dungeon)
  6448 | Bailey   | Reached XP level 9. HP: 83/83 MP: 13/13
  6507 | Bailey   | HP: 1/83 [orc warrior/+0 glaive (23)]
  6513 | Bailey   | Mangled by an orc warrior

Illustrated notes

Levels and vault maps discovered:
D:1:      minmay_arrival_floating_metal, layout_basic, minmay_domino_4
D:2:      layout_basic, serial_forest, infiniplex_forest_lined_3_way,
          infiniplex_forest_diagonal, infiniplex_forest_clump_diagonal,
          infiniplex_forest_clump_tiny, grunt_decor_mini_mirrors
D:3:      kennysheep_goblin_castle, layout_loops_ring, minmay_mini_jars,
          uniq_terence
D:4:      layout_loops_ring, uniq_menkaure
D:5:      layout_basic, lemuel_coloured_pillars_altar,
          gammafunk_ghost_abyssal_escape
D:6:      layout_loops_ring, serial_shops, shop_coins, kennysheep_another_room,
          tso_metal_star
D:7:      layout_basic, minmay_temple_entry_crystal_x, enter_bailey_2,
          minmay_shop_enchanted_jewellery
Temple:   minmay_crystal_snake_temple
Bailey:   bailey_polearm_5, bailey

Skill      XL: |  1  2  3  4  5  6  7  8 |
---------------+-------------------------+-----
Earth Magic    | 3 4 5 6 |  6.1
Unarmed Combat | 1 2 3 5 |  5.0
Fighting       | 1 2 3 |  3.4
Dodging        | 2 3 |  3.2
Spellcasting   | 2 3 |  3.9
Stealth        | |  1.7
Transmutations | |  0.6

Action                   |  1- 3 |  4- 6 |  7- 9 || total
-------------------------+-------+-------+-------++-------
Melee: Unarmed           |   101 |   174 |   222 ||   497
       Punch             |       |     2 |     3 ||     5
 Cast: Sandblast         |     7 |    44 |    42 ||    93
Evoke: Wand              |       |       |     2 ||     2
  Use: Scroll            |       |       |    20 ||    20
       Potion            |       |       |     2 ||     2
 Stab: Sleeping          |     1 |     2 |     1 ||     4
       Distracted        |       |       |     1 ||     1
       Invisible         |       |       |     3 ||     3
Armor: Robe              |    32 |    76 |    70 ||   178
Dodge: Dodged            |    44 |   124 |   107 ||   275

Table legend: (Time is in decaauts)
 A = Elapsed time spent in this place.
 B = Non-inter-level travel time spent in this place.
 C = Inter-level travel time spent in this place.
 D = Time resting spent in this place.
 E = Time spent auto-exploring this place.
 F = Levels seen in this place.
 G = Mean time per level.
                   A        B        C        D        E       F      G
               +--------+--------+--------+--------+--------+-----+--------+
         Total |   6545 |   6302 |    243 |    188 |   4528 |   9 |  727.2 |
       Dungeon |   6431 |   6188 |    243 |    188 |   4502 |   7 |  918.7 |
        Temple |     16 |     16 |      0 |      0 |      0 |   1 |   16.0 |
        Bailey |     97 |     97 |      0 |      0 |     25 |   1 |   97.0 |
               +--------+--------+--------+--------+--------+-----+--------+

Top non-repeatable levels by time:
     D:3: 1490 daAuts
     D:4: 1317 daAuts
     D:1: 1021 daAuts
     D:6: 941 daAuts
     D:5: 885 daAuts
     D:2: 561 daAuts
     D:7: 213 daAuts
  Bailey: 97 daAuts
  Temple: 16 daAuts
